 Dungeon Crawl Stone Soup version 0.23-a0-164-g7711e57 (webtiles) character file.

1456 tsouns the Conjurer (level 8, 0/54 HPs)
             Began as an Octopode Conjurer on Sept 10, 2018.
             Shot with a sling bullet by Joseph (18 damage)
             ... on level 7 of the Dungeon.
             The game lasted 00:22:52 (7207 turns).

tsouns the Conjurer (Octopode Conjurer)             Turns: 7207, Time: 00:22:52

Health: 0/54       AC:  1    Str:  8    XL:     8   Next: 76%
Magic:  1/16       EV: 15    Int: 19    God:
Gold:   155        SH:  0    Dex: 12    Spells: 0/17 levels left

rFire    . . .     SeeInvis +   k - +2 whip (elec)
rCold    . . .     Gourm    .   (no shield)
rNeg     . . .     Faith    .   (helmet restricted)
rPois    +         Spirit   .   (no amulet)
rElec    .         Reflect  .   i - ring of flight
rCorr    .         Harm     .   o - ring of wizardry
MR       .....                  u - ring of see invisible
Stlth    ++++......             E - ring of poison resistance
HPRegen  0.18/turn              (no ring)
MPRegen  0.15/turn              (no ring)
                                (no ring)
                                (no ring)

@: barbed spikes
A: almost no armour, stealthy swim, amphibious, 8 rings, constrict 8, camouflage
1, gelatinous body 1
a: Evoke Flight


You were on level 7 of the Dungeon.
You were hungry.

You visited 2 branches of the dungeon, and saw 8 of its levels.

You collected 155 gold pieces.

Inventory:

Hand Weapons
 a - a +0 dagger
 k - a +2 whip of electrocution (weapon)
 s - a +0 short sword of speed
Missiles
 f - 197 stones (quivered)
 r - 4 tomahawks
 w - a throwing net
 C - 44 arrows
Magical Staves
 x - an uncursed staff of summoning
Jewellery
 i - a ring of flight (left tentacle)
 o - a ring of wizardry (right tentacle)
 u - a ring of see invisible (on tentacle)
 E - a ring of poison resistance (on tentacle)
Wands
 D - a wand of enslavement (9)
 F - a wand of acid (5)
 I - a wand of digging (11)
Scrolls
 d - 3 scrolls of enchant armour
 j - 6 scrolls of remove curse
 t - a scroll of immolation
 y - 3 scrolls of teleportation
 A - a scroll of magic mapping {unknown}
 H - a scroll of fear {unknown}
Potions
 c - a potion of resistance
 e - a potion of mutation
 g - a potion of haste
 h - 2 potions of ambrosia
 l - a potion of might
 m - a potion of agility
 n - 3 potions of brilliance
 p - a potion of cancellation
 z - a potion of curing {unknown}
 B - a potion of magic {unknown}
 G - 2 potions of lignification {unknown}
 J - a potion of flight {unknown}
Comestibles
 b - 9 rations
 q - a chunk of flesh


   Skills:
 + Level 3.6 Fighting
 + Level 4.3 Dodging
 - Level 6.1 Stealth
 + Level 5.4 Spellcasting
 + Level 6.9 Conjurations
 + Level 0.4 Hexes
 + Level 0.4 Translocations


You couldn't memorise any spells.
You knew the following spells:

 Your Spells              Type           Power        Failure   Level  Hunger
a - Magic Dart            Conj           ####         1%          1    None
b - Searing Ray           Conj           ####..       1%          2    None
c - Dazzling Spray        Conj/Hex       ###...       3%          3    ##.....
d - Iskenderun's Mystic   Conj           ####....     2%          4    ####...
e - Force Lance           Conj/Tloc      ###.....     11%         4    ####...
f - Confuse               Hex            #.......     12%         3    ##.....

Your spell library contained the following spells:

 Spells                   Type           Power        Failure   Level  Hunger
 Corona                   Hex            #......      4%          1    None
 Ensorcelled Hibernation  Hex/Ice        #.....       6%          2    None
 Fulminant Prism          Conj/Hex       ###.......   11%         4    ####...
 Tukima's Dance           Hex            #.......     12%         3    ##.....


Dungeon Overview and Level Annotations

Branches:
Dungeon (7/15)             Temple (1/1) D:4

Altars:
Ashenzari
Dithmenos
Elyvilon
Fedhas
Gozag
Hepliaklqana
Kikubaaqudgha
Makhleb
Nemelex Xobeh
Okawaru
Qazlal
Sif Muna
Trog
Uskayaw
Xom
Yredelemnul
Zin
The Shining One

Annotations:
D:3 2 transporters, eyesofgods1's ghost, amateur OpFi
D:4 2 transporters, Menkaure
D:7 Joseph


Innate Abilities, Weirdness & Mutations

You cannot wear most types of armour.
You are very stealthy in the water. (Stealth+)
You are amphibious.
You can wear up to eight rings at the same time.
You can use your tentacles to constrict eight enemies at once.
Your skin changes colour to match your surroundings (Stealth+).
Your rubbery body absorbs attacks. (AC +1, EV +1)


Message History

The barbed spikes become lodged in your body.
* * * LOW HITPOINT WARNING * * *
Okay, then.
It was a potion of heal wounds.
You feel much better.
Joseph shoots a sling bullet.
The sling bullet hits you!
The manticore flicks its tail.
The volley of spikes hits you!
The barbed spikes become lodged in your body.
* * * LOW HITPOINT WARNING * * *
You feel much better.
Joseph shoots a sling bullet.
The sling bullet misses you.
The manticore flicks its tail.
The volley of spikes hits you!
The barbed spikes become lodged in your body.
Okay, then.
The barbs in your skin will harm you if you move.
Continue?
The barbed spikes dig painfully into your body as you move.
Joseph shouts, "Wow!"
Joseph shoots a sling bullet.
The sling bullet hits you!!
You die...

########.####....##.##
............[)[.......
##########.)!<....#...
##.####.### #.......##
. #........#
#...@.#######.#####..#
%..>.....(.##.# ..#
#........#@(#.# ...
.........##.#.#
.........##)#.+
.....H...##..##
.......>.###.# ###+#<#
#.. #.# ##.# #(# .#
#.. .#


You could see Joseph.

Vanquished Creatures
  Eustachio (D:4)
  A phantom (D:5)
  An ice beast (D:7)
  An orc warrior (D:6)
  A necrophage (D:5)
  A centaur (D:6)
  A bullfrog (D:6)
  A scorpion (D:5)
  3 crimson imps
  A hound (D:5)
  A centaur zombie (D:5)
  3 jellies (D:2)
  6 orc wizards
  A bullfrog skeleton (D:3)
  A worker ant (D:5)
  4 gnolls (D:4)
  2 worker ant zombies
  5 adders
  A shadow imp (D:5)
  11 oozes
  An adder zombie (D:5)
  3 worms
  4 leopard geckos
  19 orcs
  A ball python (D:6)
  8 bats
  7 giant cockroaches
  5 goblins
  3 hobgoblins
  4 jackals
  16 kobolds
  6 quokkas
  4 frilled lizards
  A giant cockroach zombie (D:6)
  2 leopard gecko skeletons
  10 rats
141 creatures vanquished.

Vanquished Creatures (others)
  A fungus (D:2)
  10 toadstools (D:2)
11 creatures vanquished.

Grand Total: 152 creatures vanquished

Notes
Turn   | Place    | Note
-------+----------+-------------------------------------------
     0 | D:1      | tsouns the Octopode Conjurer began the quest for the Orb.
     0 | D:1      | Reached XP level 1. HP: 11/11 MP: 3/3
   178 | D:1      | Reached XP level 2. HP: 17/17 MP: 1/5
   368 | D:1      | Found a sparkling altar of Nemelex Xobeh.
   490 | D:1      | Reached XP level 3. HP: 21/21 MP: 3/6
   494 | D:1      | Learned a level 2 spell: Searing Ray
   498 | D:1      | Learned a level 3 spell: Dazzling Spray
  1081 | D:2      | Found a glowing silver altar of Zin.
  1403 | D:2      | Reached XP level 4. HP: 27/27 MP: 2/8
  1659 | D:2      | HP: 1/27 [ooze (3)]
  1714 | D:1      | Reached skill level 5 in Conjurations
  2038 | D:2      | Reached XP level 5. HP: 23/31 MP: 4/10
  2691 | D:2      | Reached XP level 6. HP: 9/36 MP: 5/12
  3104 | D:3      | Found a burning altar of Makhleb.
  3105 | D:3      | Found an iron altar of Okawaru.
  3105 | D:3      | Found a shattered altar of Ashenzari.
  3189 | D:3      | Found a transporter.
  3193 | D:3      | Noticed eyesofgods1's ghost (amateur OpFi)
  3242 | D:3      | Found a transporter.
  3439 | D:3      | Reached skill level 1 in Fighting
  3515 | D:3      | Found a deep blue altar of Sif Muna.
  3665 | D:4      | Noticed Eustachio
  3674 | D:4      | Killed Eustachio
  3674 | D:4      | Reached XP level 7. HP: 24/44 MP: 2/13
  3799 | D:4      | Found a staircase to the Ecumenical Temple.
  3818 | Temple   | Entered the Ecumenical Temple
  4004 | D:4      | Found a stormy altar of Qazlal.
  4103 | D:4      | Found an ancient bone altar of Kikubaaqudgha.
  4104 | D:4      | Found a transporter.
  4112 | D:4      | Found a transporter.
  4129 | D:4      | Found a basalt altar of Yredelemnul.
  4133 | D:4      | Noticed Menkaure
  4360 | D:4      | Found a basalt altar of Yredelemnul.
  4485 | D:5      | Entered Level 5 of the Dungeon
  4506 | D:5      | Reached skill level 5 in Stealth
  4532 | D:5      | Learned a level 4 spell: Iskenderun's Mystic Blast
  4778 | D:5      | Reached XP level 8. HP: 49/51 MP: 5/15
  4816 | D:5      | Found a shimmering altar of Xom.
  5003 | D:5      | Reached skill level 5 in Spellcasting
  6088 | D:6      | Found a deep blue altar of Sif Muna.
  6826 | D:7      | Noticed Joseph
  6827 | D:7      | Noticed a manticore
  7026 | D:6      | Learned a level 4 spell: Force Lance
  7030 | D:6      | Learned a level 3 spell: Confuse
  7207 | D:7      | Shot with a sling bullet by Joseph

Vault maps used:
D:1:      saegor_arrival_simple_c, nemelex_xobeh_ov_fountains_minmay
D:2:      cheibrodos_fertilizer, zin_treasury, hangedman_decor_clover_reticule
D:3:      gammafunk_temple_overflow_claw, lemuel_blue_sif_altar,
          gammafunk_ghost_stat_death
D:4:      lemuel_doored_altar, gammafunk_temple_of_torment,
          minmay_temple_entry_nine_rooms, serial_glass, glass_columns_a,
          glass_columns_b, glass_columns_c, glass_columns_a, glass_columns_c,
          glass_columns_a, glass_columns_b, glass_columns_b, first_ration,
          yredelemnul_altar_generic, uniq_eustachio
D:5:      nicolae_overflow_crystal_walls
D:6:      basic_altar
D:7:      the_bakery, hex_medium, uniq_crazy_yiuf_cottage, uniq_joseph
Temple:   compressed_dpeg_triangle_lava_temple

Skill      XL: |  1  2  3  4  5  6  7  8 |
---------------+-------------------------+-----
Stealth        | 3 4 5 6 |  6.1
Spellcasting   | 3 4 5 |  5.4
Conjurations   | 5 6 |  6.9
Fighting       | 1 2 3 |  3.6
Dodging        | 3 4 |  4.3
Hexes          | |  0.4
Translocations | |  0.4

Action                   |  1- 3 |  4- 6 |  7- 9 || total
-------------------------+-------+-------+-------++-------
Melee: Unarmed           |     2 |       |       ||     2
       Tentacles         |     4 |     3 |     1 ||     8
       Constrict         |     4 |     3 |     2 ||     9
       Dagger            |    16 |       |       ||    16
       Whip              |       |    13 |    15 ||    28
 Cast: Magic Dart        |    82 |    86 |    68 ||   236
       Searing Ray       |       |    14 |    24 ||    38
       Iskenderun's Myst |       |       |     8 ||     8
       Dazzling Spray    |       |       |     3 ||     3
       Force Lance       |       |       |     2 ||     2
       Confuse           |       |       |     1 ||     1
  Use: Scroll            |       |    10 |     4 ||    14
       Potion            |       |       |     2 ||     2
 Stab: Sleeping          |       |     2 |       ||     2
       Invisible         |       |       |     1 ||     1
  Eat: Chunk             |     2 |     4 |     8 ||    14
       Ration            |       |     1 |     1 ||     2
Armor: Skin              |     1 |     4 |     2 ||     7
Dodge: Dodged            |     9 |    34 |    49 ||    92

Table legend:
 A = Non-vault XP
 B = Vault XP
 C = Vault XP percentage of total XP
 D = Non-vault monster count
 E = Vault monster count
 F = Vault count percentage of total count
                 A         B        C        D         E       F
            +---------+---------+-------+---------+---------+-------
      Total |    1675 |     405 |  19.5 |     120 |      21 |  14.9
            +---------+---------+-------+---------+---------+-------
        D:1 |      43 |       7 |  14.0 |      21 |       1 |   4.5
        D:2 |      84 |     201 |  70.5 |      25 |      19 |  43.2
        D:3 |     230 |       0 |   0.0 |      30 |       0 |   0.0
        D:4 |      70 |     197 |  73.8 |       8 |       1 |  11.1
        D:5 |     560 |       0 |   0.0 |      15 |       0 |   0.0
        D:6 |     347 |       0 |   0.0 |       7 |       0 |   0.0
        D:7 |     341 |       0 |   0.0 |      14 |       0 |   0.0
            +---------+---------+-------+---------+---------+-------
